 Dungeon Crawl Stone Soup version 0.27-a0-1334-g2746e35aca (webtiles) character file.

Game seed: 4342585120014356990

36 dolemite99 the Chopper (level 3, 0/31 HPs)
             Began as a Minotaur Abyssal Knight on June 27, 2021.
             Was a Follower of Lugonu.
             Slain by an adder (4 damage)
             ... on level 2 of the Dungeon.
             The game lasted 00:01:46 (1089 turns).

dolemite99 the Chopper (Minotaur Abyssal Knight)    Turns: 1089, Time: 00:01:47

Health: 0/31       AC:  4    Str: 17    XL:     3   Next: 19%
Magic:  3/3        EV: 10    Int:  9    God:    Lugonu [*.....]
Gold:   118        SH:  2    Dex:  9    Spells: 2/2 levels left

rFire    . . .     SeeInvis .   a - +1 hand axe (flame)
rCold    . . .     Faith    .   o - +0 buckler
rNeg     . . .     Spirit   .   b - +0 leather armour
rPois    .         Reflect  .   (helmet restricted)
rElec    .         Harm     .   k - +0 cloak
rCorr    .         Rampage  .   (no gloves)
Will     .....                  (no boots)
Stlth    +.........             (no amulet)
HPRegen  0.10/turn              (no ring)
MPRegen  0.08/turn              (no ring)

@: lethally poisoned (0 -> -3)
A: horns 2, retaliatory headbutt
a: Renounce Religion, Depart the Abyss


You were on level 2 of the Dungeon.
You worshipped Lugonu.
Lugonu was aware of your devotion.
You visited 1 branch of the dungeon, and saw 2 of its levels.
You visited the Abyss 1 time.

You collected 118 gold pieces.

Inventory:

Hand Weapons
 a - a +1 hand axe of flaming (weapon)
 h - a +1 hand axe
Missiles
 d - 74 stones
 l - 2 atropa-tipped darts
 m - 20 arrows
 p - 38 bolts
Armour
 b - a +0 leather armour (worn)
 k - a +0 cloak (worn)
 o - a +0 buckler (worn)
Jewellery
 f - a ring of magical power
 q - a ring of wizardry
Scrolls
 c - a scroll of teleportation {unknown}
 i - a scroll of immolation {unknown}
 j - 2 scrolls of identify {unknown}
Potions
 g - 2 potions of might {unknown}
 n - a potion of attraction {unknown}
 r - a potion of haste {unknown}
Miscellaneous
 e - a phial of floods


   Skills:
 - Level 3.6 Fighting
 + Level 4.5 Axes
 - Level 2.4 Armour
 - Level 1.1 Dodging
 - Level 1.7 Invocations


You had 2 spell levels left.
You didn't know any spells.
Your spell library was empty.

Dungeon Overview and Level Annotations

Branches:
Dungeon (2/15)

Altars:


Innate Abilities, Weirdness & Mutations

You have a pair of horns on your head.
You reflexively headbutt those who attack you in melee.


Message History

You kill the hobgoblin!
Lugonu accepts your kill.
You now have 118 gold pieces (gained 9).
No target in view!
An adder comes into view.
A kobold comes into view. It is wielding a +0 short sword.
The kobold shouts!
Found 13 gold pieces.
There are monsters nearby!
There are monsters nearby!
The adder bites you. The adder barely misses you. The adder bites you.
You closely miss the adder. The adder bites you.
You are poisoned.
The adder poisons you! The adder barely misses you.
You closely miss the adder.
You feel sick. The adder misses you.
You miss the adder. You hit the kobold but do no damage.
You feel sick. The adder bites you.
The kobold hits you with a +0 short sword.
The adder closely misses you. You furiously retaliate!
You headbutt the adder. You hit the adder but do no damage.
Your headbutt misses the adder.
The adder is moderately wounded.
You closely miss the kobold.
You feel sick.
You are no longer poisoned.
The kobold hits you with a +0 short sword.
The adder bites you.
You are poisoned.
The adder poisons you! You block the kobold's attack.
You miss the adder. Your headbutt misses the adder.
The adder is moderately wounded.
You closely miss the kobold.
You feel sick. The adder bites you.
The kobold hits you with a +0 short sword.
* * * LOW HITPOINT WARNING * * *
The adder bites you.
* * * LOW HITPOINT WARNING * * *
You hit the adder. You burn the adder.
The adder is severely wounded.
You closely miss the kobold.
You feel sick. The adder bites you.
You die...

#############
#...........#
#...........#
#...........####
#...............
#...........####
###########>............
#..............#########
#......@.......#
#$.....KS......#
#..............#
#.......###.####
#.......# #.# #.......#
#.# #........ ...
#.......# ... ######.
#....


You could see an adder and a kobold.

Vanquished Creatures
  2 bats (D:1)
  5 endoplasms
  A giant cockroach (D:1)
  4 hobgoblins
  10 jackals (D:1)
  A kobold (D:1)
  2 ball pythons (D:2)
  2 frilled lizards (D:1)
  A rat (D:1)
28 creatures vanquished.

Notes
Turn   | Place    | Note
-------+----------+-------------------------------------------
     0 | Abyss:1  | dolemite99 the Minotaur Abyssal Knight began the quest for
                  | the Orb.
     0 | Abyss:1  | Reached XP level 1. HP: 19/19 MP: 1/1
     9 | Abyss:1  | Found a corrupted altar of Lugonu.
    91 | Abyss:3  | Noticed a ynoxinul
    92 | D:1      | Escaped the Abyss
   261 | D:1      | Reached skill level 3 in Axes
   263 | D:1      | Reached XP level 2. HP: 18/26 MP: 2/2
   263 | D:1      | Reached * piety under Lugonu
   563 | D:1      | Reached skill level 4 in Axes
   823 | D:1      | Reached XP level 3. HP: 30/31 MP: 3/3
  1089 | D:2      | Slain by an adder

Illustrated notes

Levels and vault maps discovered:
D:1:      matt_arrival_diagonals, layout_loops_ring
D:2:      layout_basic

Skill      XL: |  1  2 |
---------------+-------+-----
Axes           | 3 4 |  4.5
Fighting       | |  3.6
Armour         | |  2.4
Dodging        | |  1.1
Invocations    | |  1.7

Action                   || total
-------------------------++-------
Melee: Hand axe          ||    52
       Headbutt          ||     3
Invok: Depart the Abyss  ||     1
Armor: Leather armour    ||    13
Dodge: Dodged            ||    31
Block: Buckler           ||     2

Table legend: (Time is in decaauts)
 A = Elapsed time spent in this place.
 B = Non-inter-level travel time spent in this place.
 C = Inter-level travel time spent in this place.
 D = Time resting spent in this place.
 E = Time spent auto-exploring this place.
 F = Levels seen in this place.
 G = Mean time per level.
                   A        B        C        D        E       F      G
               +--------+--------+--------+--------+--------+-----+--------+
         Total |   1093 |   1093 |      0 |      0 |    761 |   5 |  218.6 |
       Dungeon |   1002 |   1002 |      0 |      0 |    720 |   2 |  501.0 |
         Abyss |     91 |     91 |      0 |      0 |     41 |   3 |   30.3 |
               +--------+--------+--------+--------+--------+-----+--------+

Top non-repeatable levels by time:
     D:1: 884 daAuts
     D:2: 117 daAuts
 Abyss:3: 53 daAuts
 Abyss:1: 29 daAuts
 Abyss:2: 8 daAuts
